 Dungeon Crawl Stone Soup version 0.26.0-20-g3ca415f5b8 (webtiles) character file.

Game seed: 8299898249280330201

25 oldmanjim the Sneak (level 3, 0/26 HPs)
             Began as a Ghoul Air Elementalist on Jan 24, 2021.
             Slain by Terence
             ... wielding a +2 falchion of pain
              (2 damage)
             ... on level 1 of the Dungeon on Jan 25, 2021.
             The game lasted 00:07:57 (2398 turns).

oldmanjim the Sneak (Ghoul Air Elementalist)        Turns: 2398, Time: 00:07:57

Health: 0/26       AC:  4    Str: 12    XL:     3   Next: 4%
Magic:  4/4        EV: 12    Int: 10    God:
Gold:   49         SH:  0    Dex:  9    Spells: 4/5 levels left

rFire    . . .     SeeInvis .     - Unarmed
rCold    + . .     Faith    .   (no shield)
rNeg     + + +     Spirit   .   e - +0 leather armour
rPois    ∞         Reflect  .   (no helmet)
rElec    .         Harm     .   (no cloak)
rCorr    .         Rampage  .   g - +0 pair of gloves
Will     .....                  (no boots)
Stlth    ++........             (no amulet)
HPRegen  0.00/turn              (no ring)
MPRegen  0.09/turn              (no ring)

@: no status effects
A: claws 1, cold resistance 1, negative energy resistance 3, inhibited
regeneration, torment resistance, unbreathing
a: no special abilities


You were on level 1 of the Dungeon.
You visited 1 branch of the dungeon, and saw 2 of its levels.

You collected 49 gold pieces.

Inventory:

Missiles
 b - 61 stones
 c - 14 sling bullets
Armour
 a - a +0 robe
 e - a +0 leather armour (worn)
 g - a +0 pair of gloves (worn)
Scrolls
 d - a scroll of random uselessness {unknown}
 f - a scroll of immolation {unknown}


   Skills:
 + Level 0.4 Armour
 + Level 2.3 Dodging
 + Level 2.9 Stealth
 + Level 1.0 Unarmed Combat
 - Level 1.7 Spellcasting
 - Level 0.7 Conjurations
 - Level 2.4 Air Magic


You had 4 spell levels left.
You knew the following spells:

 Your Spells              Type           Power        Failure   Level
a - Shock                 Conj/Air       16%          22%         1

Your spell library contained the following spells:

 Spells                   Type           Power        Failure   Level
 Swiftness                Air            5%           22%         2
 Static Discharge         Conj/Air       4%           54%         3
 Airstrike                Air            2%           83%         4
 Lightning Bolt           Conj/Air       2%           99%         5


Dungeon Overview and Level Annotations

Branches:
Dungeon (2/15)

Altars:

Annotations:
D:1 Terence


Innate Abilities, Weirdness & Mutations

You thrive by killing the living.
You are immune to poison.
You have sharp fingernails.
Your flesh is cold resistant. (rC+)
You are immune to negative energy. (rN+++)
You do not regenerate when monsters are visible.
You are immune to unholy pain and torment.
You can survive without breathing.


Message History

Terence hits you with a +2 falchion of pain.
You hit Terence but do no damage.
Terence hits you with a +2 falchion of pain.
* * * LOW HITPOINT WARNING * * *
You hit Terence.
Terence is lightly wounded.
Terence barely misses you.
You hit Terence but do no damage.
Terence is lightly wounded.
Terence hits you with a +2 falchion of pain.
* * * LOW HITPOINT WARNING * * *
You hit Terence but do no damage.
Terence is lightly wounded.
Terence misses you.
You hit Terence but do no damage.
Terence is lightly wounded.
You hit Terence but do no damage.
Terence is lightly wounded.
Terence hits you with a +2 falchion of pain.
You die...

#################
#...............#
#...............##
................@#
...............@##
................#
................#
................#
................#
................#
.#####.##########
#......####


You could see Terence.

Vanquished Creatures
  A dart slug (D:1)
  A ball python (D:1)
  7 bats (D:1)
  2 goblins (D:1)
  A hobgoblin (D:1)
  2 jackals (D:1)
  4 kobolds (D:1)
  A frilled lizard (D:1)
  2 rats (D:1)
21 creatures vanquished.

Notes
Turn   | Place    | Note
-------+----------+-------------------------------------------
     0 | D:1      | oldmanjim the Ghoul Air Elementalist began the quest for
                  | the Orb.
     0 | D:1      | Reached XP level 1. HP: 14/14 MP: 2/2
   611 | D:1      | Reached XP level 2. HP: 20/20 MP: 3/3
  2013 | D:1      | Reached skill level 1 in Unarmed Combat
  2013 | D:1      | Reached XP level 3. HP: 17/26 MP: 4/4
  2158 | D:2      | Noticed Terence
  2374 | D:1      | Upgraded the game from 0.26.0-18-gc5c842f807 to
                  | 0.26.0-20-g3ca415f5b8
  2398 | D:1      | Slain by Terence

Illustrated notes

Levels and vault maps discovered:
D:1:      evilmike_arrival_rings, layout_basic
D:2:      layout_loops_ring, uniq_terence

Skill      XL: |  1  2 |
---------------+-------+-----
Dodging        | 2 |  2.3
Unarmed Combat | 1 |  1.0
Armour         | |  0.4
Stealth        | |  2.9
Spellcasting   | |  1.7
Conjurations   | |  0.7
Air Magic      | |  2.4

Action                   || total
-------------------------++-------
Melee: Unarmed           ||   124
 Stab: Sleeping          ||     1
Armor: Robe              ||     8
       Leather armour    ||    13
Dodge: Dodged            ||   101
